 Dungeon Crawl Stone Soup version 0.29-a0-730-g5686a2c4f1 (webtiles) character file.

Game seed: 11768141138473035017

28452 omnomnOMINOUS the Fighter (level 11, -7/85 (86) HPs)
             Began as an Octopode Wanderer on June 26, 2022.
             Was the Champion of Ru.
             Mangled by a cane toad simulacrum (20 damage)
             ... in an ice cave on June 29, 2022.
             The game lasted 01:25:45 (19709 turns).

omnomnOMINOUS the Fighter (Octopode Wanderer)      Turns: 19709, Time: 01:25:46

HP:   -7/85 (86)    AC:  5    Str: 13    XL:     11   Next: 38%
MP:   9/17          EV: 22    Int: 14    God:    Ru [******]
Gold: 1130          SH:  7    Dex: 13    Spells: 7/18 levels left

rFire   . . .      SeeInvis .   a - +1 scimitar (flame)
rCold   . . .      Faith    .   V - +2 buckler
rNeg    + + .      Spirit   .   (helmet restricted)
rPois   +          Reflect  .   G - amulet of regeneration
rElec   .          Harm     .   x - ring of positive energy
rCorr   +          Rampage  .   n - +4 ring of protection
Will    .....                   A - ring of resist corrosion
Stlth   ++........              z - ring of flight
HPRegen 1.04/turn               K - ring of positive energy
MPRegen 0.15/turn               T - ring of poison resistance
                                R - +4 ring of evasion
                                (no ring)

@: flying, lightly drained
A: almost no armour, amphibious, 8 rings, camouflage 1, weak 1, gelatinous body
1, hated by all, weak-willed 1, inexperienced 2, (nimble swimmer 1), tentacles
a: Renounce Religion, Draw Out Power, Power Leap, Apocalypse


You were in an ice cave.
You worshipped Ru.
Ru was exalted by your worship.
You visited 3 branches of the dungeon, and saw 15 of its levels.
You also visited: Ice Cave.

You collected 1130 gold pieces.

Inventory:

Hand Weapons
 a - a +1 scimitar of flaming (weapon)
 b - a +2 halberd of venom
Missiles
 S - a curare-tipped dart (quivered)
Armour
 d - a +0 kite shield of cold resistance
 V - a +2 buckler (worn)
Magical Staves
 y - a staff of poison
Jewellery
 n - a +4 ring of protection (right tentacle)
 x - a ring of positive energy (left tentacle)
 z - a ring of flight (on tentacle)
 A - a ring of resist corrosion (on tentacle)
 G - an amulet of regeneration (around mantle)
 K - a ring of positive energy (on tentacle)
 R - a +4 ring of evasion (on tentacle)
 T - a ring of poison resistance (on tentacle)
Wands
 c - a wand of polymorph (8)
 O - a wand of paralysis (6)
 P - a wand of mindburst (27)
 W - a wand of flame (8)
Scrolls
 f - 2 scrolls of torment {unknown}
 g - 2 scrolls of magic mapping
 k - 3 scrolls of teleportation
 l - 2 scrolls of blinking
 m - a scroll of fear {unknown}
 q - 4 scrolls of enchant armour
 r - 3 scrolls of fog
 s - 3 scrolls of immolation
 u - 3 scrolls of amnesia
 v - 7 scrolls of poison
 C - a scroll of enchant weapon {unknown}
 D - 5 scrolls of noise
 E - a scroll of brand weapon {unknown}
Potions
 e - a potion of ambrosia {unknown}
 h - a potion of cancellation
 j - 5 potions of curing
 o - a potion of magic {unknown}
 p - 2 potions of attraction
 w - 4 potions of might {unknown}
 F - 3 potions of mutation {unknown}
 H - a potion of degeneration {unknown}
 I - 2 potions of invisibility
 J - 3 potions of brilliance {unknown}
 L - 3 potions of berserk rage {unknown}
 M - 2 potions of lignification
 U - 3 potions of haste {unknown}


   Skills:
 + Level 12.6 Fighting
 - Level 2.0 Long Blades
 - Level 2.0 Throwing
 + Level 12.5 Dodging
 + Level 4.4 Shields
 - Level 4.0 Spellcasting
 + Level 12.3 Conjurations
 - Level 4.0 Ice Magic
 - Level 1.1 Evocations


You had 7 spell levels left.
You knew the following spells:

 Your Spells              Type           Power      Damage    Failure   Level
a - Magic Dart            Conj           100%       1d8       1%          1
b - Searing Ray           Conj           74%        2d7       1%          2
c - Freeze                Ice            56%        1d7       4%          1
d - Frozen Ramparts       Ice            28%        1d4       14%         3
e - Fulminant Prism       Conj/Hex       10%        3d9       21%         4

Your spell library contained the following spells:

 Spells                   Type           Power      Damage    Failure   Level
 Dazzling Flash           Conj/Hex       40%        N/A       6%          3
 Iskenderun's Mystic Bla  Conj/Tloc      20%        2d6       21%         4
 Sublimation of Blood     Necr           2%         N/A       36%         2
 Irradiate                Conj/Tmut      10%        3d16      50%         5
 Ice Form                 Ice/Tmut       8%         N/A       71%         4
 Petrify                  Tmut/Erth      2%         N/A       94%         4
 Starburst                Conj/Fire      10%        6d5       97%         6


Dungeon Overview and Level Annotations

Branches:
Dungeon (10/15)            Temple (1/1) D:5            Lair (4/6) D:10
 Shoals (0/4) Lair:2       Spider (0/4) Lair:2          Orc (0/2) D:10
  IceCv (1/1)

Altars:
Ashenzari
Cheibriados
Dithmenos
Elyvilon
Fedhas
Gozag
Hepliaklqana
Kikubaaqudgha
Makhleb
Nemelex Xobeh
Okawaru
Qazlal
Ru
Sif Muna
Trog
Uskayaw
Vehumet
Wu Jian
Xom
Yredelemnul
Zin
The Shining One

Shops:
D:8 [   D:10 [(

Annotations:
IceCv exclusion: ice statue


Innate Abilities, Weirdness & Mutations

You cannot wear most types of armour.
You are amphibious.
You can wear up to eight rings at the same time.
Your skin changes colour to match your surroundings (Stealth+).
You are weak. (Str -2)
Your rubbery body absorbs attacks. (AC +1, EV +1)
You are hated by all.
You are slightly weak-willed. (Will-)
You are inexperienced. (-2 XL)
((You are camouflaged when in or above water. (Stealth+)))
You have tentacles for arms and can constrict up to eight enemies at once.


Message History

The ice devil hits itself but does no damage.
You hit the ice devil. You burn the ice devil.
The ice devil is moderately wounded.
You constrict the ice devil, but do no damage.
The ice devil completely misses you. The ice devil barely misses you.
You hit the ice devil. You burn the ice devil. You squeeze the ice devil!
The ice devil is heavily wounded.
You constrict the ice devil, but do no damage.
You block the ice devil's attack.
You slash the ice devil! You burn the ice devil. You squeeze the ice devil!
The ice devil is almost dead.
You constrict the ice devil.
You redirect the ice devil's attack!
The ice devil hits itself but does no damage.
You hit the ice devil. You burn the ice devil. You squeeze the ice devil.
The ice devil is almost dead.
You constrict the ice devil, but do no damage.
The ice devil hits you. The ice devil freezes you!
* * * LOW HITPOINT WARNING * * *
The ice devil misses you.
You hit the ice devil. You burn the ice devil.
You kill the ice devil!
Casting: Searing Ray (safe; 1% risk of failure)
Confirm with . or Enter, or press ? or * to list all spells.
Aiming: Searing Ray (safe; 1% risk of failure)
Press: ? - help, Shift-Dir - straight line, f - cane toad simulacrum
Aim: a cane toad simulacrum (96% to hit)
The searing ray hits the cane toad simulacrum!
The cane toad simulacrum is moderately damaged. (Press . to maintain the ray.)
The cane toad simulacrum barely misses you.
The searing ray hits the cane toad simulacrum but does no damage.
The cane toad simulacrum is moderately damaged.
You block the cane toad simulacrum's attack.
The searing ray hits the cane toad simulacrum.
The cane toad simulacrum is heavily damaged.
The cane toad simulacrum hits you!
* * * LOW HITPOINT WARNING * * *
The cane toad simulacrum freezes you!!
You die...

##.## ##..## ###
#...## #..## ##.##
#....####..#
##...##### ###
#..#...#...#
#..#.....####.#
#..##.....##
##..##.....##..##
##.###...##
#..###.....##.p.#
#..######
##..###...4Z..##.#
##..##
#Z.###........#..#
#...## ##@.#
#.......##.4#
##...## #..##
#......####..
##...####.##
##......# ##.
##...##..#
##..#8..## #..
##..#..##
#..###..# #..
#.....# #..## #[.#
##.# ##...## ##..
#### #..# #####
##.. ##.## #Z.
#..##


You could see a cane toad simulacrum.

Vanquished Creatures
  2 hydras
  Erica (D:10)
  2 two-headed ogres
  A lindwurm (Lair:4)
  2 ugly things (IceCv)
  Joseph (D:8)
  3 elephants
  A torpor snail (Lair:2)
  A black mamba (Lair:1)
  4 cane toads
  2 unseen horrors
  6 komodo dragons
  4 rime drakes
  An anaconda simulacrum (IceCv)
  An entropy weaver simulacrum (IceCv)
  8 ice devils (IceCv)
  A polar bear (Lair:1)
  7 blink frogs
  2 hornets
  A jumping spider (Lair:2)
  A shadow (D:10)
  A dire elephant simulacrum (IceCv)
  Sigmund (D:2)
  3 wyverns
  27 yaks
  A steam dragon (D:9)
  4 basilisks
  A death yak simulacrum (IceCv)
  A redback (Lair:2)
  5 vampire mosquitoes (D:10)
  3 harpy simulacra (IceCv)
  9 water moccasins
  An acid dragon (D:10)
  3 orc warriors
  3 sky beasts
  A black bear (D:6)
  2 ogres
  2 ice beasts (D:7)
  14 wolves
  3 phantoms
  4 centaurs
  A kobold brigand (D:8)
  9 bullfrogs
  A necrophage (D:6)
  A two-headed ogre simulacrum (IceCv)
  6 wights (D:8)
  4 cane toad simulacra
  3 elephant simulacra (IceCv)
  A jelly (D:4)
  2 hounds
  2 gnoll shamans
  Crazy Yiuf (D:3)
  3 orc priests
  Terence (D:2)
  4 iguanas
  5 orc wizards
  2 polar bear simulacra (IceCv)
  A spriggan simulacrum (IceCv)
  A troll simulacrum (IceCv)
  2 wolf simulacra
  Robin (D:2)
  9 gnolls
  2 naga simulacra (IceCv)
  21 adders
  2 white imps
  An ufetubus (IceCv)
  A worm (D:2)
  6 dart slugs
  36 orcs
  2 bats
  10 endoplasms
  16 goblins
  7 hobgoblins
  10 jackals
  13 kobolds
  7 quokkas
  11 ball pythons
  2 frilled lizards
  3 rats
  A butterfly (Lair:3)
352 creatures vanquished.

Vanquished Creatures (others)
  2 elephants (Lair:3)
  A cane toad (Lair:2)
  A komodo dragon (Lair:1)
  2 yaks (Lair:3)
  A wolf (Lair:1)
  A rat (D:1)
  24 fulminant prisms
  43 fungi
  61 plants
136 creatures vanquished.

Grand Total: 488 creatures vanquished

Notes
Turn   | Place    | Note
-------+----------+-------------------------------------------
     0 | D:1      | omnomnOMINOUS the Octopode Wanderer began the quest for the
                  | Orb.
     0 | D:1      | omnomnOMINOUS set off with the following items: a +0
                  | falchion, 13 poisoned darts, a +0 dagger, a potion of
                  | lignification; and the following spell memorised: Freeze;
                  | and the following spells available to memorise: Frozen
                  | Ramparts, Ice Form.
     0 | D:1      | Reached XP level 1. HP: 11/11 MP: 2/2
   220 | D:1      | Reached XP level 2. HP: 8/18 MP: 3/3
   696 | D:1      | Reached skill level 1 in Fighting
   808 | D:1      | Reached skill level 1 in Dodging
  1133 | D:1      | Reached XP level 3. HP: 23/23 MP: 5/5
  1204 | D:1      | Found a faded altar of an unknown god.
  1220 | D:1      | Prayed at the altar of an unknown god.
  1220 | D:1      | Became a worshipper of Ru the Awakened
  1243 | D:1      | Gained mutation: You are slightly weak-willed. (Will-) [Ru
                  | sacrifice]
  1243 | D:1      | Reached * piety under Ru
  2283 | D:2      | Reached XP level 4. HP: 25/29 MP: 7/7
  2329 | D:2      | Noticed Terence
  2342 | D:2      | Killed Terence
  2349 | D:2      | Learned a level 1 spell: Magic Dart
  2541 | D:2      | Noticed Robin
  2556 | D:2      | Upgraded the game from 0.29-a0-717-g6dac4ea423 to
                  | 0.29-a0-723-gce39da1c22
  2564 | D:2      | Killed Robin
  2581 | D:2      | Reached XP level 5. HP: 3/34 MP: 2/8
  2939 | D:2      | Noticed Sigmund
  2946 | D:2      | Killed Sigmund
  2947 | D:2      | Reached skill level 1 in Conjurations
  2947 | D:2      | Reached XP level 6. HP: 33/42 MP: 8/10
  3974 | D:3      | Found a sparkling altar of Nemelex Xobeh.
  4892 | D:3      | Found a runed translucent door.
  4893 | D:3      | Noticed Crazy Yiuf
  5181 | D:3      | Killed Crazy Yiuf
  5273 | D:4      | Found an opulent altar of Gozag.
  5598 | D:4      | Gained mutation: You are somewhat inexperienced. (-1 XL)
                  | [Ru sacrifice]
  5598 | D:4      | Reached XP level 5. HP: 36/36 MP: 5/9
  5598 | D:4      | Reached ** piety under Ru
  5598 | D:4      | Reached *** piety under Ru
  5644 | D:4      | Reached XP level 6. HP: 33/42 MP: 4/11
  6155 | D:4      | Noticed a fire elemental
  6158 | D:4      | Found a stormy altar of Qazlal.
  6160 | D:4      | Noticed an air elemental
  6160 | D:4      | Noticed a water elemental
  6375 | D:5      | Entered Level 5 of the Dungeon
  7012 | D:5      | Found an iron altar of Okawaru.
  7177 | D:4      | Learned a level 2 spell: Searing Ray
  7181 | D:4      | Learned a level 3 spell: Frozen Ramparts
  7233 | D:5      | Found a staircase to the Ecumenical Temple.
  7242 | Temple   | Entered the Ecumenical Temple
  7666 | D:5      | Reached XP level 7. HP: 43/49 MP: 13/13
  7984 | D:6      | Found an ornate altar of the Wu Jian Council.
  8202 | D:6      | Reached skill level 5 in Fighting
  8202 | D:6      | Reached skill level 5 in Dodging
  8741 | D:7      | Reached skill level 5 in Conjurations
  8834 | D:7      | Reached XP level 8. HP: 50/57 MP: 0/14
  8996 | D:7      | Noticed an unseen horror
  9012 | D:7      | Killed an unseen horror
  9181 | D:7      | Found a glowing golden altar of the Shining One.
  9617 | D:7      | Gained mutation: You are inexperienced. (-2 XL) [Ru
                  | sacrifice]
  9617 | D:7      | Reached XP level 7. HP: 53/53 MP: 13/13
  9617 | D:7      | Reached **** piety under Ru
  9789 | D:8      | Noticed Joseph
 10071 | D:8      | Noticed a two-headed ogre
 10103 | D:8      | Killed a two-headed ogre
 10127 | D:8      | Reached XP level 8. HP: 52/60 MP: 7/14
 10242 | D:8      | Found Otsott's Antique Armour Emporium.
 10421 | D:8      | Found a snail-covered altar of Cheibriados.
 10934 | D:8      | Killed Joseph
 11461 | D:9      | Noticed a two-headed ogre
 11618 | D:9      | Found a shadowy altar of Dithmenos.
 11932 | D:9      | Killed a two-headed ogre
 11972 | D:9      | Found a basalt altar of Yredelemnul.
 12290 | D:10     | Entered Level 10 of the Dungeon
 12297 | D:10     | Found Widosug's Armour Shoppe.
 12300 | D:10     | Found a staircase to the Orcish Mines.
 12300 | D:10     | Found Bisad's Weapon Shoppe.
 12625 | D:10     | Reached XP level 9. HP: 55/67 MP: 10/15
 12925 | D:10     | Noticed Erica
 12941 | D:10     | Killed Erica
 13240 | D:10     | Found a staircase to the Lair.
 13263 | Lair:1   | Entered Level 1 of the Lair of Beasts
 13263 | Lair:1   | Noticed an eight-headed hydra
 13457 | Lair:1   | Gained mutation: You are hated by all. [Ru sacrifice]
 13457 | Lair:1   | Reached ***** piety under Ru
 13560 | Lair:1   | Reached skill level 10 in Fighting
 13707 | Lair:1   | Reached skill level 10 in Dodging
 14090 | Lair:1   | Reached skill level 10 in Conjurations
 14656 | Lair:2   | Found a staircase to the Shoals.
 14731 | Lair:1   | Learned a level 4 spell: Fulminant Prism
 14924 | Lair:1   | Reached XP level 10. HP: 42/74 MP: 4/16
 15185 | Lair:1   | Killed a seven-headed hydra
 16105 | Lair:2   | Found a hole to the Spider Nest.
 16426 | Lair:3   | Gained mutation: You are weak. (Str -2) [Ru sacrifice]
 16426 | Lair:3   | Reached ****** piety under Ru
 16789 | Lair:3   | Noticed a four-headed hydra
 16916 | Lair:3   | Noticed a six-headed hydra
 16922 | Lair:3   | Noticed a five-headed hydra
 17156 | Lair:2   | Reached skill level 1 in Shields
 17497 | Lair:3   | Killed a two-headed hydra
 17908 | Lair:2   | Reached XP level 11. HP: 77/85 MP: 4/17
 18271 | Lair:4   | Found a frozen archway.
 18291 | IceCv    | Entered an ice cave
 18292 | IceCv    | Upgraded the game from 0.29-a0-723-gce39da1c22 to
                  | 0.29-a0-730-g5686a2c4f1
 19113 | IceCv    | Found the +3 pair of mountain boots {steadfast, rC+}
 19709 | IceCv    | Mangled by a cane toad simulacrum

Illustrated notes

Levels and vault maps discovered:
D:1:      lemuel_arrival_tunnels, layout_loops_cross, basic_ecumenical_altar,
          minmay_box_of_dots
D:2:      layout_basic, uniq_robin, uniq_sigmund, uniq_terence
D:3:      layout_loops_corners, mainiacjoe_overflow_small_starburst,
          uniq_crazy_yiuf_cottage
D:4:      layout_loops_ring, nicolae_qazlal_style_of_elements,
          grunt_gozag_breadcrumbs, amcnicky_mini_pool_small, minmay_door_square,
          minmay_misc_feat_nine_boxes
D:5:      layout_loops_ring, amcnicky_altar_gilded, minmay_temple_entry_wispy
D:6:      layout_gridville, lemuel_tele_altar
D:7:      layout_basic, mainiacjoe_overflow_chevrons, kennysheep_generic_room_10
D:8:      layout_loops_ring, kennysheep_slug_shrine, serial_shops,
          nicolae_stop_n_shop_2, chequers_jeans, uniq_joseph
D:9:      layout_roguey, mainiacjoe_overflow_alcove_4,
          yredelemnul_altar_generic, minmay_crystal_room
D:10:     layout_roguey, lair_entry_dummy, orc_david_3, serial_park_tiny_pond,
          hex_large, uniq_erica
Temple:   cyrus_circular_temple
Lair:1:   minmay_lair_venomous_thicket, layout_long_grid
Lair:2:   layout_chaotic_city, shoals_dummy_entry, spider_nest_entry_funnel_web
Lair:3:   layout_chaotic_city, lemuel_fruit_fields, grunt_megastairs_4,
          serial_bayou_shore_b, serial_bayou_shore_a
Lair:4:   layout_loops_ring, portal_ice_cave_entry_ice_simulacra,
          nicolae_quartered_pool_medium, minmay_holes
IceCv:    ice_cave_small_necro

Skill      XL: |  1  2  3  4  5  6  7  8  9 10 11 |
---------------+----------------------------------+-----
Fighting       | 1 2 3 4 7 9 10 12 | 12.6
Dodging        | 1 2 4 7 9 10 12 | 12.5
Spellcasting   | 2 4 |  4.0
Conjurations   | 1 3 7 8 10 11 12 | 12.3
Shields        | 2 4 |  4.4
Long Blades    | |  2.0
Throwing       | |  2.0
Ice Magic      | |  4.0
Evocations     | |  1.1

Action                   |  1- 3 |  4- 6 |  7- 9 | 10-12 || total
-------------------------+-------+-------+-------+-------++-------
Melee: Falchion          |    93 |    80 |   166 |       ||   339
       Tentacles         |    20 |    47 |    57 |    75 ||   199
       Constrict         |    18 |    52 |    38 |    36 ||   144
       Punch             |       |     2 |     2 |     4 ||     8
       Dagger            |       |   117 |       |       ||   117
       Scimitar          |       |       |    74 |   253 ||   327
Throw: Throwing net      |       |       |     2 |     1 ||     3
       Dart              |       |       |     2 |       ||     2
 Cast: Freeze            |     1 |    22 |     2 |     3 ||    28
       Magic Dart        |       |    34 |     6 |    14 ||    54
       Searing Ray       |       |     1 |    82 |    46 ||   129
       Frozen Ramparts   |       |       |    29 |    14 ||    43
       Fulminant Prism   |       |       |     3 |    21 ||    24
Invok: Sacrifice Essence |     1 |       |       |       ||     1
       Sacrifice Experie |       |     1 |     1 |       ||     2
       Draw Out Power    |       |       |     6 |     2 ||     8
       Apocalypse        |       |       |     1 |     1 ||     2
       Sacrifice Love    |       |       |     1 |       ||     1
       Power Leap        |       |       |       |     2 ||     2
       Sacrifice Purity  |       |       |       |     1 ||     1
Evoke: Wand              |       |       |     5 |    10 ||    15
  Use: Potion            |     1 |     4 |     4 |     5 ||    14
       Scroll            |       |       |     8 |     9 ||    17
 Stab: Sleeping          |     4 |     8 |     5 |     2 ||    19
       Distracted        |     1 |       |     2 |     2 ||     5
       Invisible         |       |     4 |     1 |     4 ||     9
       Paralysed         |       |       |    24 |    21 ||    45
       Petrified         |       |       |     1 |       ||     1
       Held in net/web   |       |       |       |     1 ||     1
Armor: Skin              |    17 |    14 |    87 |    53 ||   171
Dodge: Dodged            |    56 |   130 |   341 |   303 ||   830
Block: Buckler           |       |       |       |    69 ||    69

Table legend: (Time is in decaauts)
 A = Elapsed time spent in this place.
 B = Non-inter-level travel time spent in this place.
 C = Inter-level travel time spent in this place.
 D = Time resting spent in this place.
 E = Time spent auto-exploring this place.
 F = Levels seen in this place.
 G = Mean time per level.
                   A        B        C        D        E       F      G
               +--------+--------+--------+--------+--------+-----+--------+
         Total |  19929 |  19147 |    782 |   6591 |   8375 |  16 | 1245.6 |
       Dungeon |  13279 |  12836 |    443 |   4230 |   6233 |  10 | 1327.9 |
        Temple |     59 |     51 |      8 |      0 |     42 |   1 |   59.0 |
          Lair |   5142 |   4811 |    331 |   1610 |   1841 |   4 | 1285.5 |
      Ice Cave |   1447 |   1447 |      0 |    751 |    259 |   1 | 1447.0 |
               +--------+--------+--------+--------+--------+-----+--------+

Top non-repeatable levels by time:
     D:1: 2270 daAuts
  Lair:1: 2016 daAuts
     D:3: 1677 daAuts
     D:4: 1587 daAuts
  Lair:3: 1553 daAuts
  Lair:2: 1480 daAuts
     D:8: 1479 daAuts
   IceCv: 1447 daAuts
     D:2: 1343 daAuts
     D:7: 1110 daAuts
     D:9: 1106 daAuts
     D:5: 1073 daAuts
    D:10: 969 daAuts
     D:6: 660 daAuts
  Lair:4: 91 daAuts
